[Event "12th National Amateur Chess-ch 2025"]
[Site "Bihar"]
[Date "2025.03.27"]
[Round "4.13"]
[White "Marium Fatima"]
[Black "Bristy Mukherjee"]
[Result "0-1"]
[Annotator "TA"]
[ECO "D11"]
[WhiteElo "1881"]
[BlackElo "1985"]
[PlyCount "116"]
[EventDate "2025.03.25"]
[EventCountry "IND"]
[SourceTitle "playchess.com"]
[Source "ChessBase"]
[SourceQuality "1"]
[TimeControl "5400+30"]

1. d4 d5 2. Nf3 Nf6 3. g3 h6 4. Bg2 Bf5 5. O-O e6 6. c4 c6 7. Nc3 Be7 8. Qb3 Qb6 9. c5 Qxb3 10. axb3 O-O $1 {[%emt 0:02:05] 10...0-0 is better than 10...Na6. D11: Slav Defence: 3 Nf3 sidelines and 3...Nf6 4 e3 Bg4.} 11. b4 a6 12. h3 Nbd7 {[%emt 0:02:17] The position is equal.} 13. Kh2 $146 (13. g4 Bh7 14. Bf4 g5 15. Bh2 h5 16. Nxg5 hxg4 17. Nxh7 Kxh7 18. Rfd1 gxh3 19. Bxh3 {0-1 Adly,A (2596)-Van Foreest,J (2693) FIDE World Cup 2023 (2.2)}) 13... Rfe8 14. g4 Bh7 15. Bf4 Bf8 16. Ra3 Rac8 17. Nd2 e5 18. Be3 g5 19. dxe5 Nxe5 20. Bd4 Bg7 21. Bxe5 Rxe5 22. e3 Re7 23. Bf3 (23. Nb3 $142) 23... Nd7 $17 24. Be2 Rce8 25. Nf3 d4 26. Nd1 dxe3 27. Rxe3 (27. Nxe3 $17 Be4 (27... Bxb2 $2 28. Rb3 $19) 28. Nd2) 27... Ne5 ({Black should play} 27... Rxe3 $19 28. Nxe3 Bxb2) 28. Nd2 Ng6 (28... Kf8 $142 29. Re1 Nd3 30. Bxd3 Bxd3) 29. Nc4 Nf4 {[%emt 0:01:20] Against Bd3} (29... Bd4 $17 30. Rxe7 Rxe7) 30. Nd6 $15 {[%emt 0:02:39] [#]} Nd5 $1 $36 {[%emt 0:00:26][%mdl 2048] White is under pressure.} 31. Nxe8 Nxe3 32. Nxe3 {[%emt 0:00:52] And now Nxg7 would win.} Rxe8 33. Rd1 $1 Be5+ 34. Kg1 Re7 {[%emt 0:01:53] Prevents Rd7.} 35. Nc4 {[%emt 0:03:58] [#] Loses the game.} ({White should try} 35. b3 $15) 35... Bxb2 $1 $19 36. Kf1 (36. Rd8+ Kg7) 36... Bc3 37. Rd8+ Kg7 38. Nd6 Kf6 (38... Bxb4 39. Ne8+ Rxe8 40. Rxe8 $17) 39. Rb8 (39. Nc8 {is a better defense.} Re5 40. Rd6+ Kg7 41. Rd7 Bxb4 42. Nd6) 39... Bxb4 40. Nxb7 a5 41. Nd8 Be4 (41... Bxc5 42. Nxc6 Rc7 43. Nxa5 $15) 42. Rc8 $2 {[%emt 0:03:47] [#]} (42. Rb6 Bxc5 43. Rxc6+ Bxc6 44. Nxc6) 42... Re8 $1 ({Not} 42... Bxc5 43. f3 Bd5 44. Nxc6 $17) 43. Ba6 Bf3 {[%emt 0:00:19][%csl Gb4][%cal Re8e1] This pair of bishops is nice.} 44. Kg1 Bd2 45. Rxc6+ Bxc6 46. Nxc6 {[%emt 0:00:01][%mdl 4096] Endgame KRB-KBN} Re1+ 47. Kg2 Rc1 48. Nb8 a4 (48... Rxc5 49. Nd7+ Ke6 50. Nxc5+ $18) 49. Nd7+ Ke7 50. Nb6 a3 {[%emt 0:00:17][%cal Oa3a2] Hoping for ...a2!.} 51. Bc4 {[%emt 0:00:15] [#]} Rxc4 $1 52. Nxc4 a2 53. Nxd2 a1=Q (53... a1=B $2 {perishes.} 54. Kf3 $18) 54. Nf1 Qc3 55. Ne3 Qxc5 56. Nf5+ Kd7 57. Kg1 {[%emt 0:01:13] [#]} h5 $1 58. Ne3 h4 {[%emt 0:00:15] Weighted Error Value: White=0.95/Black=0.34  Mistake:       	White=5     	Black=3      Inaccurate:     	White=5     	---        OK:         	White=11    	Black=16     Best:        	White=2     	Black=2      Strong:       	White=1     	Black=1      Brilliant:      	---       	Black=1} 0-1

[Event "12th National Amateur Chess-ch 2025"]
[Site "Bihar"]
[Date "2025.03.27"]
[Round "4.14"]
[White "Prakash Vaishnavi"]
[Black "Arushi Severin Helen D Silva"]
[Result "0-1"]
[Annotator "NA RC"]
[ECO "D41"]
[WhiteElo "1749"]
[BlackElo "1746"]
[PlyCount "88"]
[EventDate "2025.03.25"]
[EventCountry "IND"]
[SourceTitle "playchess.com"]
[Source "ChessBase"]
[SourceQuality "1"]
[TimeControl "5400+30"]

1. e4 c6 2. d4 d5 3. exd5 cxd5 4. c4 Nf6 5. Nc3 e6 6. cxd5 Nxd5 7. Nf3 Be7 8. Bc4 Nb6 9. Bd3 Bf6 10. O-O h6 11. Bf4 Nc6 12. Nb5 Nd5 13. Nd6+ Kf8 14. Bg3 Be7 15. Nc4 Nf6 16. Nce5 Bd7 17. Rc1 Qb6 18. Re1 Be8 19. Nxc6 Bxc6 20. Ne5 Rd8 21. Nxc6 bxc6 22. Be5 Nd7 23. Qf3 c5 24. dxc5 Bxc5 25. Bg6 f6 26. Bc3 Ke7 27. Re2 Nf8 28. Bc2 Bd4 29. Qg4 g5 30. Bb3 Bxc3 31. bxc3 Rd6 32. Rce1 h5 33. Qe4 Rg8 34. Qc2 Rg7 35. Re4 a5 36. Rd4 Rxd4 37. cxd4 Kd8 38. Qe2 Re7 39. Qxh5 Qb4 40. Qe2 a4 41. Bc4 Nd7 42. Rc1 e5 43. dxe5 Rxe5 44. Qf3 Qxc4 0-1

[Event "12th National Amateur Chess-ch 2025"]
[Site "Bihar"]
[Date "2025.03.27"]
[Round "4.15"]
[White "Nivedita V C"]
[Black "Pradiksha P S"]
[Result "1-0"]
[Annotator "TA"]
[ECO "E07"]
[WhiteElo "1950"]
[BlackElo "1789"]
[PlyCount "95"]
[EventDate "2025.03.25"]
[EventCountry "IND"]
[SourceTitle "playchess.com"]
[Source "ChessBase"]
[SourceQuality "1"]
[TimeControl "5400+30"]

1. Nf3 d5 2. d4 Nf6 3. c4 e6 4. g3 Be7 5. Bg2 O-O 6. O-O c6 7. Nc3 Nbd7 8. Nd2 b6 9. e4 dxe4 {[%emt 0:00:50] has lost popularity (9...dxc4).} 10. Ndxe4 Bb7 11. Bf4 {[%emt 0:09:28] E07: Closed Catalan: Main Line (5 Nf3 0-0 6 0-0 Nbd7).} Nxe4 12. Nxe4 Nf6 13. Qc2 {[%emt 0:15:16] White is slightly better.} Nh5 14. Be3 f5 15. Qe2 Qe8 $146 (15... g6 $14 {should be considered.}) (15... g6 16. Nc3 f4 17. Bxf4 Nxf4 18. gxf4 Rf6 19. d5 cxd5 20. cxd5 Bd6 21. Rad1 exd5 22. Bxd5+ Bxd5 23. Nxd5 {½-½ Hong,A (2449)-Guo,A (2358) USA-ch U16 Chess.com INT rapid 2020 (2)}) 16. Bf3 (16. Ng5 $16 Bxg5 17. Bxg5) 16... Nf6 (16... g6 $1 $11 {keeps the balance.}) 17. Ng5 $1 $36 {[%emt 0:04:33][%mdl 2048] White has strong initiative.} Bd6 18. Bd2 $1 {[%emt 0:05:04][%cal Of1e1] White is more active.} e5 19. dxe5 Qxe5 20. Qd3 $1 {[%emt 0:02:48] Strongly threatening Bf4.} Rad8 21. Rfe1 $2 (21. Bc3 $1 $18 Bb4 22. Qxd8 Bxc3 23. Qd3) 21... Bc5 (21... Ne4 $1 $14 22. Bc3 Bb4 23. Qxd8 (23. Nxe4 Rxd3 24. Bxe5 Bxe1 $17) 23... Rxd8 24. Bxe5 Nxg5) 22. Qc2 (22. Rxe5 Rxd3 23. Be3 Bxe3 24. fxe3 h6 $19) 22... Ne4 23. Bf4 Qf6 24. Bxe4 fxe4 25. Qxe4 Bxf2+ {[%emt 0:01:29] [#]} 26. Kg2 $1 (26. Kxf2 Qxg5 27. Kg1 Qg6 $14) 26... g6 $2 {[%emt 0:04:27] [#] A mistake that costs the game.} ({Wrong is} 26... Qh6 $2 27. Ne6 (27. Kxf2 Qxg5 28. Kg1 Qc5+ 29. Be3 Qb4 $11) 27... Qf6 28. Kxf2 $18) (26... c5 $16 27. Qxb7 Bxe1 28. Rxe1 Qxb2+ 29. Kh3 Qf6) 27. Qe7 $1 $18 Qxe7 28. Rxe7 Bc8 29. Kxf2 h6 30. Nf3 g5 31. Be5 Rf5 32. g4 ({Less strong is} 32. Rxa7 Rd3 $16) 32... Rf7 33. Rxf7 Kxf7 34. h3 Bb7 35. Bc3 c5 36. Ke3 Re8+ 37. Ne5+ Ke6 38. Rf1 Bg2 39. Rf2 Ba8 (39... Bb7 $142 40. Nf7 Ba6 41. Rf6+ (41. Nxh6 Bxc4 42. Rf5 Kd7+ 43. Kf3 Bxa2 $18) 41... Kd7+ 42. Ne5+ Kc7) 40. Rf7 Re7 41. Rf8 Bb7 42. Rh8 {[%emt 0:00:06][%cal Rh8h6] Dodges Rh7} Kd6 43. Rxh6+ Re6 44. Rxe6+ Kxe6 45. Nf3 a6 46. Nxg5+ {[%emt 0:00:06] White mates.} Ke7 47. h4 Bc8 48. Kf4 {[%emt 0:00:05] Weighted Error Value: White=0.15 (very precise) /Black=0.59  Loses game:     	---       	Black=1      Mistake:       	White=2     	Black=4      Inaccurate:     	---       	Black=1      OK:         	White=15    	Black=12     Best:        	---       	Black=1      Strong:       	White=5     	---} 1-0

[Event "12th National Amateur Chess-ch 2025"]
[Site "Bihar"]
[Date "2025.03.27"]
[Round "4.16"]
[White "Aamuktha Guntaka"]
[Black "Lakshanaa R"]
[Result "1-0"]
[Annotator "TA"]
[ECO "B12"]
[WhiteElo "1910"]
[BlackElo "1748"]
[PlyCount "69"]
[EventDate "2025.03.25"]
[EventCountry "IND"]
[SourceTitle "playchess.com"]
[Source "ChessBase"]
[SourceQuality "1"]
[TimeControl "5400+30"]

1. e4 c6 2. d4 d5 3. e5 Bf5 4. Nd2 e6 5. Nb3 Nd7 6. Nf3 h6 {[%emt 0:00:55] 6...Qc7 gains popularity. B12: Caro-Kann: Advance Variation.} 7. Be2 Ne7 8. O-O c5 9. dxc5 Nc6 10. Bb5 $146 (10. Nfd4 $14) (10. Be3 Ndxe5 11. Nxe5 Nxe5 12. Bb5+ Nc6 13. Nd4 Rc8 14. Nxf5 exf5 15. Qf3 d4 16. Rad1 Bxc5 17. Qxf5 {1-0 Zhigalko,S (2572)-Kleinman,M (2387) Titled Tuesday intern op 15th Nov Late blitz 2022 (1)}) 10... Qc7 (10... Bg4 $11) 11. Nfd4 $14 Bh7 12. f4 (12. Be3 $16) 12... Nxd4 (12... a6 $14) 13. Qxd4 $16 {[%emt 0:07:14] A sharp opening} Bxc2 {[%emt 0:17:59] Black is weak on the dark squares} 14. Be3 a6 15. Ba4 Be7 16. Rac1 (16. f5 $142) 16... Bxb3 17. Bxb3 O-O 18. Ba4 f6 19. exf6 {[%emt 0:08:45] White is much more active.} Bxf6 20. Qd2 (20. Qd3 $142) 20... Nb8 21. Bd1 d4 {[%emt 0:01:55] [#]} 22. Bf2 (22. Bxd4 $2 {perishes.} Rd8 23. Qe1 (23. Rc4 $2 Nc6 $19) 23... Bxd4+ $19) 22... e5 23. fxe5 Qxe5 {[%emt 0:04:22][%mdl 8192] A mistake that costs the game.} (23... Bg5 $14 24. Qd3 (24. Bb3+ Kh8 $18) 24... Bxc1) 24. Bb3+ (24. Qd3 $142 Qe7 25. Re1 (25. Bxd4 Bxd4+ 26. Qxd4 Rxf1+ 27. Kxf1 Nc6 $18) (25. Bc2 g6 $18)) 24... Kh8 $18 {[%emt 0:00:08] [#]} 25. Qd3 $1 {[%emt 0:00:38] Strongly threatening Bc2.} g5 $2 (25... g6 26. Bh4 (26. Qxg6 Qg5 $18) 26... Nd7) 26. Qg6 Bg7 27. Bc2 Kg8 28. Qh7+ {[%emt 0:00:07] White mates.} Kf7 29. Bxd4+ {[%emt 0:00:22] A strong pair of Bishops.} Qf4 30. Qxg7+ Ke8 31. Rxf4 gxf4 32. Re1+ Kd8 33. Qxf8+ Kc7 34. Qd6+ Kc8 35. Re8# {[%emt 0:00:06] Weighted Error Value: White=0.20 (precise) /Black=0.64  Loses game:     	---       	Black=1      Mistake:       	White=5     	Black=4      Inaccurate:     	White=2     	Black=2      OK:         	White=3     	Black=6      Best:        	White=4     	Black=2} 1-0

[Event "12th National Amateur Chess-ch 2025"]
[Site "Bihar"]
[Date "2025.03.27"]
[Round "4.17"]
[White "Kashvy Sabharwal"]
[Black "Aayusree Sarkar"]
[Result "1-0"]
[Annotator "NA RC"]
[ECO "A84"]
[WhiteElo "1640"]
[BlackElo "1677"]
[PlyCount "77"]
[EventDate "2025.03.25"]
[EventCountry "IND"]
[SourceTitle "playchess.com"]
[Source "ChessBase"]
[SourceQuality "1"]
[TimeControl "5400+30"]

1. d4 d5 2. Nf3 e6 3. Bf4 f5 4. e3 Nf6 5. c4 c6 6. Nc3 Be7 7. Bd3 O-O 8. h3 b6 9. Rc1 Ne4 10. O-O Bb7 11. a3 g5 12. Bh2 Nd7 13. b4 a5 14. Qb3 Kh8 15. b5 c5 16. cxd5 cxd4 17. exd4 Nxc3 18. dxe6 Bxf3 19. gxf3 Nxb5 20. Bxb5 Nf6 21. Bc6 Rc8 22. d5 Bd6 23. Bg3 Nh5 24. Qb2+ Kg8 25. Be5 Nf4 26. Bxf4 Bxf4 27. Rc4 Rxc6 28. dxc6 Qd5 29. Qb3 a4 30. Qc2 Bc7 31. e7 Re8 32. Rxa4 Qe5 33. Qc4+ Kg7 34. Qd4 Qxd4 35. Rxd4 Rxe7 36. Rd7 Rxd7 37. cxd7 Bd8 38. Re1 Kf7 39. Re8 1-0

[Event "12th National Amateur Chess-ch 2025"]
[Site "Bihar"]
[Date "2025.03.27"]
[Round "4.18"]
[White "Vaishnavi Radhakrishnan"]
[Black "Tanisha Khandelwal"]
[Result "1-0"]
[Annotator "NA RC"]
[ECO "B43"]
[WhiteElo "1658"]
[BlackElo "1564"]
[PlyCount "123"]
[EventDate "2025.03.25"]
[EventCountry "IND"]
[SourceTitle "playchess.com"]
[Source "ChessBase"]
[SourceQuality "1"]
[TimeControl "5400+30"]

1. e4 c5 2. Nf3 e6 3. d4 cxd4 4. Nxd4 a6 5. Nc3 Qc7 6. a3 b5 7. Bd2 Bb7 8. Bd3 Nf6 9. O-O Be7 10. Nb3 O-O 11. f4 d6 12. Qe2 Nbd7 13. Kh1 e5 14. f5 d5 15. exd5 Nxd5 16. Ne4 N7f6 17. Na5 Rfe8 18. Nxb7 Qxb7 19. Rg1 Rad8 20. Qf3 Qd7 21. Ba5 Rc8 22. Rad1 Nf4 23. Nxf6+ Bxf6 24. Be4 Qa7 25. Bc6 Rf8 26. Bb4 Rfd8 27. Ba5 Rf8 28. Rd7 Qb8 29. Rgd1 Bd8 30. Bb4 Bc7 31. Bxf8 Rxf8 32. Re7 Qb6 33. b4 Qb8 34. Qe4 a5 35. bxa5 Bxa5 36. Qxe5 Qxe5 37. Rxe5 b4 38. Rxa5 bxa3 39. Rxa3 h6 40. Ra8 Rxa8 41. Bxa8 g6 42. fxg6 fxg6 43. c4 Kg7 44. c5 Ne6 45. c6 Kf6 46. Bb7 h5 47. Rd6 Ke7 48. Rxe6+ Kxe6 49. c7 h4 50. c8=Q+ Ke5 51. g3 hxg3 52. hxg3 g5 53. Qc6 g4 54. Kg2 Kf5 55. Bc8+ Ke5 56. Bxg4 Kd4 57. Qb5 Ke3 58. Qc4 Kd2 59. Qb3 Kc1 60. Bf5 Kd2 61. Kf2 Kc1 62. Qc2# 1-0

[Event "12th National Amateur Chess-ch 2025"]
[Site "Bihar"]
[Date "2025.03.28"]
[Round "6.1"]
[White "Arhan Jain"]
[Black "Ayaan Garg"]
[Result "0-1"]
[Annotator "TA"]
[ECO "E09"]
[WhiteElo "1914"]
[BlackElo "1983"]
[PlyCount "82"]
[EventDate "2025.03.25"]
[EventCountry "IND"]
[SourceTitle "playchess.com"]
[Source "ChessBase"]
[SourceQuality "1"]
[TimeControl "5400+30"]

1. d4 d5 2. c4 e6 3. Nf3 Nf6 4. g3 Be7 5. Bg2 O-O 6. O-O Nbd7 7. Qc2 c6 8. Nbd2 b6 9. e4 dxc4 10. Nxc4 Bb7 11. Rd1 {[%emt 0:07:49] 11.Bf4 is the hot move.} c5 12. Nfe5 {[%emt 0:03:07] E09: Closed Catalan: Main Line: 7 Qc2 c6 8 Nbd2.} cxd4 13. Rxd4 Qc7 14. Bf4 {[%emt 0:01:38] [#] Nxd7 is the strong threat. The position is equal.} Nxe5 15. Bxe5 Qc6 16. Qe2 Rad8 {[%emt 0:31:29] Repels Nd6} 17. Rad1 Rxd4 18. Rxd4 Ba6 {[%emt 0:00:58] [#]} 19. b3 Qc5 20. Bxf6 Bxf6 21. Rd1 $146 (21. Rd7 b5 22. Qe3 Qc8 23. Rxa7 bxc4 24. e5 Bxe5 25. Qxe5 cxb3 26. Rc7 b2 27. Be4 Qd8 28. Kg2 Qd1 {0-1 Nyffenegger,M (2035)-Fischer,D (2123) Basel op 2018 (4)}) 21... Bd4 22. b4 Bxf2+ 23. Qxf2 Qxc4 24. Bf1 (24. Qd2 $142) 24... Qc8 $17 25. Bxa6 Qxa6 {[%emt 0:00:07][%mdl 4096] Endgame KQR-KQR. Black is a pawn up.} 26. Rd2 h6 27. Kg2 Qb7 28. Qf3 Rc8 29. e5 Qc7 $36 {[%emt 0:01:13][%mdl 2048] Black is really pushing.} 30. Qf4 Qc3 {[%emt 0:14:27] Strongly threatening ...g5.} 31. Rf2 Qc6+ 32. Kh3 Qb7 33. Rd2 b5 34. Rd4 (34. Qe3 $17) 34... Rc2 $19 {[%emt 0:03:49] ( -> ...Qg2+)} 35. Rd8+ Kh7 36. Rd2 {[%emt 0:00:04] Inhibits Qg2+.} (36. Qf1 Qe4 (36... Rxa2 $2 {is the wrong capture.} 37. Qb1+ g6 38. Qxa2 $18) 37. Rd7) 36... g5 37. Qe3 Rxd2 38. Qxd2 Qf3 {[%emt 0:00:10] ( -> ...Kg6)} 39. Qe1 g4+ 40. Kh4 Qf5 41. Qe3 Kg6 {[%emt 0:00:14] Weighted Error Value: White=0.84/Black=0.15 (very precise)   Mistake:       	White=4     	---        Inaccurate:     	---       	Black=1      OK:         	White=4     	Black=14     Best:        	---       	Black=1} 0-1

[Event "12th National Amateur Chess-ch 2025"]
[Site "Bihar"]
[Date "2025.03.28"]
[Round "6.2"]
[White "Sham R"]
[Black "Vidit Sethi"]
[Result "1-0"]
[Annotator "TA"]
[ECO "A19"]
[WhiteElo "2128"]
[BlackElo "1832"]
[PlyCount "91"]
[EventDate "2025.03.25"]
[EventCountry "IND"]
[SourceTitle "playchess.com"]
[Source "ChessBase"]
[SourceQuality "1"]
[TimeControl "5400+30"]

1. c4 Nf6 2. Nc3 e6 3. e4 c5 4. e5 Ng8 5. Nf3 Nc6 6. d3 {[%emt 0:03:52] A19: English Opening: Flohr-Mikenas System with 3...c5.} f6 7. Bf4 fxe5 (7... d6 $1 $11) 8. Nxe5 $14 {[%emt 0:00:03] White is slightly better.} Qf6 9. Nxc6 (9. Qh5+ $2 g6 10. Qf3 Nxe5 $19) 9... Qxf4 10. Na5 (10. g3 $11 Qc7 11. Qh5+ g6 12. Qe5 Qxe5+ 13. Nxe5) 10... Nf6 $146 (10... b6 $15 11. Nb3 Bb7) ({Predecessor:} 10... b6 11. Nb3 Nf6 12. g3 Qe5+ 13. Qe2 Qxe2+ 14. Bxe2 Bb7 15. O-O Be7 16. Rae1 O-O {1-0 Lehtosaari,K-Arasola,E FIN-ch ME qual corr 1984}) 11. g3 $11 Qb8 12. Bg2 b6 13. Qf3 Qe5+ 14. Kf1 Rb8 15. Re1 Qg5 16. Nb3 Be7 17. Ne4 ({White should play} 17. Qe2 $11) 17... Nxe4 $15 18. dxe4 Ba6 19. Qc3 $1 O-O 20. Kg1 {[%emt 0:00:32] [#]} e5 (20... Qf6 $1 $17 21. Qxf6 Bxf6 (21... gxf6 22. Bf1 $17)) 21. Nd2 d6 22. Nf1 Bb7 (22... Qf6 $142 23. Qc2 Qf7) 23. Ne3 $11 g6 24. h4 Qf6 25. Qd2 {[%emt 0:05:28] Successful Defense White} h5 26. g4 (26. f3 $14) 26... Qg7 (26... hxg4 $15 27. h5 gxh5) 27. gxh5 gxh5 28. Rh3 $1 ({Avoid the trap} 28. Nf5 $2 Rxf5 29. Re3 Rf4 $19) 28... Kh8 $1 29. Rg3 (29. Qe2 $11 {keeps the balance.}) 29... Qh6 $17 30. Qd3 Bxh4 31. Rf3 Rxf3 32. Bxf3 Bc8 {[%emt 0:08:30] This pair of bishops is nice.} 33. Kf1 $1 Bh3+ 34. Ke2 $1 Rf8 {[%emt 0:00:11][%cal Of8f3] Threatens to win with ...Rxf3!.} 35. Nf5 $1 Bxf5 36. exf5 Bg5 37. Rg1 h4 38. Qe4 h3 39. Qg4 h2 $2 {[%emt 0:01:17][%mdl 8192] [#]} (39... e4 $11 40. Bxe4 (40. Qxg5 exf3+ 41. Kxf3 Qh7 $11) 40... h2) 40. Rg3 $1 $18 e4 $2 (40... h1=R) 41. Bh1 {[%emt 0:00:10][%cal Og3h3] Rh3! would now be deadly.} Qf6 42. Qxg5 Qxb2+ (42... Qxg5 $142 43. Rxg5 b5 44. cxb5 d5) 43. Kf1 Qa1+ 44. Kg2 Qg1+ 45. Kh3 Qf1+ 46. Kh4 {[%emt 0:00:07] Weighted Error Value: White=0.15 (very precise) /Black=0.50  Loses game:     	---       	Black=1      Mistake:       	White=4     	Black=7      Inaccurate:     	White=3     	Black=6      OK:         	White=10    	Black=13     Best:        	White=3     	Black=4      Strong:       	White=6     	Black=1} 1-0

[Event "12th National Amateur Chess-ch 2025"]
[Site "Bihar"]
[Date "2025.03.28"]
[Round "6.3"]
[White "Vatsal Singla"]
[Black "Anadkat Kartavya"]
[Result "0-1"]
[Annotator "TA"]
[ECO "C70"]
[WhiteElo "1917"]
[BlackElo "2175"]
[PlyCount "78"]
[EventDate "2025.03.25"]
[EventCountry "IND"]
[SourceTitle "playchess.com"]
[Source "ChessBase"]
[SourceQuality "1"]
[TimeControl "5400+30"]

1. e4 e5 2. Nf3 Nc6 3. Bb5 a6 4. Ba4 d6 5. O-O b5 6. Bb3 Na5 7. d4 Nxb3 8. axb3 f6 (8... Bb7 $14) 9. Qe2 {[%emt 0:02:17] 9.c4 is a critical line. C70: Ruy Lopez: 3...a6 4 Ba4, Norwegian and Delayed Schliemann.} (9. Nc3 $16) 9... Ne7 $14 10. Rd1 $146 ({Predecessor:} 10. Nc3 c6 11. Be3 Qd7 12. Rfd1 Ng6 13. d5 Bb7 14. dxc6 Qxc6 15. Nd5 Be7 16. Nd2 Bd8 {½-½ Arppi,H (2278)-Del Toro Montoya,Y (2270) CUB-FIN email 2019 [16]}) 10... Ng6 11. Nc3 {[%emt 0:12:02] Hoping for Nxb5. White is slightly better.} c6 12. Be3 Be7 13. d5 Bd7 14. dxc6 Bxc6 15. Nd5 O-O 16. c4 {[%emt 0:01:10][%csl Od5] Strong Square White (d5)} f5 17. exf5 Rxf5 18. Qd3 Qf8 19. Qe4 (19. Nd2 $16) 19... Kh8 $11 20. Rd2 Bd8 21. Rc1 (21. c5 $5) 21... Ne7 22. Ng5 bxc4 {[%emt 0:14:14] [#]} (22... h6 {looks sharper.} 23. Ne6 Qf7 24. Nxd8 Rxd8 25. Qh4 Bxd5 26. cxd5 Qe8) 23. h4 $2 {[%emt 0:10:03] White does not recover from this.} Nxd5 $19 ({Don't take} 23... Bxd5 24. Rxd5 Nxd5 (24... cxb3 $2 {too greedy.} 25. Rxd6 Ba5 26. Ra1 $18) 25. Qxd5 Bxg5 26. hxg5) 24. Rxd5 Bxg5 25. hxg5 Bxd5 26. Qxd5 {[%emt 0:00:05] [#]} cxb3 27. Rc7 Rd8 28. Ra7 Qg8 29. Qb7 Rdf8 30. g6 hxg6 31. g4 (31. Qxa6 $142 Qd5 32. Rd7 Qd1+ 33. Qf1) 31... R5f7 32. Qxa6 Rxa7 33. Qxa7 {[%emt 0:00:25][%mdl 4096] Endgame KQR-KQB} Qc4 34. Qd7 Ra8 {[%emt 0:01:21] and ...Ra1+ should not be overlooked} 35. Kh2 Qc8 36. Qxd6 Qxg4 37. Qd5 Rf8 {[%emt 0:00:41] ( -> ...Rf5)} 38. Qxb3 Rf5 39. Qb8+ Kh7 {[%emt 0:00:04] Weighted Error Value: White=0.86/Black=0.31  Loses game:     	White=1     	---        Mistake:       	White=2     	---        Inaccurate:     	White=4     	Black=2      OK:         	White=10    	Black=13     Best:        	---       	Black=1} 0-1

[Event "12th National Amateur Chess-ch 2025"]
[Site "Bihar"]
[Date "2025.03.28"]
[Round "6.4"]
[White "Utkrisht Tuli"]
[Black "Aabhas Kumar Srivastava"]
[Result "1-0"]
[Annotator "TA"]
[ECO "E60"]
[WhiteElo "2020"]
[BlackElo "1756"]
[PlyCount "73"]
[EventDate "2025.03.25"]
[EventCountry "IND"]
[SourceTitle "playchess.com"]
[Source "ChessBase"]
[SourceQuality "1"]
[TimeControl "5400+30"]

1. d4 Nf6 2. c4 g6 3. h4 c5 4. d5 b5 5. Nc3 $146 (5. cxb5 a6 6. e3 axb5 7. Bxb5 Qa5+ 8. Nc3 Ba6 9. Bxa6 Qxa6 10. Nge2 Bg7 11. O-O {1-0 So,W (2773)-Sindarov,J (2629) Olympiad-44 Chennai 2022 (4.3)}) 5... b4 6. Na4 {[%emt 0:01:06] E60: King's Indian: Unusual lines and Fianchetto Variation without Nc3.} d6 7. g3 Bg7 8. Bh3 {[%emt 0:06:32] Black is slightly better.} Bb7 9. Nf3 Na6 10. O-O Nc7 11. Re1 Bc8 {[%emt 0:05:49] Dodges e4} 12. Bxc8 Qxc8 13. e4 {[%emt 0:02:09][%cal Be2e4,Be4e5][%mdl 32] [#] And now e5 would win.} O-O 14. e5 Nd7 15. Bf4 Qa6 16. b3 dxe5 17. Nxe5 Nxe5 18. Rxe5 (18. Bxe5 $142 Bxe5 19. Rxe5) 18... Bxe5 $16 19. Bxe5 Qa5 (19... Qc8 $1 $11 {keeps the balance.}) 20. Qg4 f6 ({Black should try} 20... Rad8) 21. Bf4 {[%emt 0:01:55] White is more active.} Rfe8 $2 {[%emt 0:01:32] [#]} (21... Rad8 $16 22. Be3 Na6) 22. h5 Kf7 (22... e5 {was necessary.}) 23. hxg6+ $18 hxg6 24. Kg2 (24. Be3 Qa6 $16) (24. Qd7 $142) 24... Rad8 (24... Rh8 $2 25. Qd7 Ne8 26. Qe6+ Kg7 27. Qxe7+ Kg8 28. d6 $18 (28. Nxc5 Rh7 $18) (28. Qxc5 Qxc5 29. Nxc5 g5 $18)) 25. Rh1 {[%emt 0:00:09][%mdl 1024] White has strong compensation.} Rh8 {[%emt 0:01:00] Wards off Rh7+} 26. Re1 ({Better is} 26. Rxh8 $18 {Rh7+ would kill now.} Rxh8 27. Qd7) 26... f5 $2 {[%emt 0:02:07][%mdl 8192] Black cannot hold the game after this.} (26... Rh5 $16 {is more resistant.} 27. Qf3 Rh7) 27. Qe2 Rde8 28. Qe5 Na8 (28... Rh5 $18 29. Qxc7 Qxc7) 29. Qe6+ {[%emt 0:00:06] White mates.} Kf8 30. Qxg6 Qd8 31. Bh6+ Rxh6 32. Qxh6+ Kf7 33. Qh7+ Kf8 34. Qxf5+ Kg7 35. Re6 Qd6 36. Rxd6 exd6 37. Qd7+ {[%emt 0:00:05] Weighted Error Value: White=0.20 (precise) /Black=0.72  Loses game:     	---       	Black=2      Mistake:       	White=3     	Black=4      Inaccurate:     	---       	Black=3      OK:         	White=10    	Black=7      Best:        	White=2     	Black=1} 1-0